 Dungeon Crawl Stone Soup version 0.31-a0-162-gc4c5a43528 (webtiles) character file.

Game seed: 6196805972909993386

53 qw the Shooter (level 3, -2/32 HPs)
             Began as a Naga Hunter on June 12, 2023.
             Slain by a hobgoblin (5 damage)
             ... led by Robin
             ... on level 2 of the Dungeon.
             The game lasted 00:00:19 (924 turns).

qw the Shooter (Naga Hunter)                         Turns: 924, Time: 00:00:20

Health: -2/32      AC:  2    Str: 13    XL:     3   Next: 89%
Magic:  3/3        EV:  9    Int:  9    God:
Gold:   206        SH:  0    Dex: 16    Spells: 2/2 levels left

rFire   . . .        Y - +0 shortbow
rCold   . . .        (shield currently unavailable)
rNeg    . . .        c - +0 leather armour
rPois   +            (no helmet)
rElec   .            (no cloak)
rCorr   .            (no gloves)
SInv    +            (no barding)
Will    .....        (no amulet)
Stlth   ++           (no ring)
HPRegen 0.25/turn    (no ring)
MPRegen 0.08/turn

%: no passive effects
@: very slow
A: AC +1, large, see invisible, deformed body, poison resistance, slowness 2,
spit poison 1, naga tail 1
a: Spit Poison


You were on level 2 of the Dungeon.
You visited 1 branch of the dungeon, and saw 2 of its levels.

You collected 206 gold pieces.


Innate Abilities, Weirdness & Mutations

Your serpentine skin is tough. (AC +1)
You have supernaturally acute eyesight. (SInv)
Armour fits poorly on your strangely shaped body.
Your system is resistant to poisons. (rPois)
You cover ground very slowly.
You can spit poison.
You have a snake-like lower body.


   Skills:
 - Level 2.0 Fighting
 + Level 4.9 Ranged Weapons
 - Level 1.5 Dodging
 - Level 1.5 Stealth


You had 2 spell levels left.
You didn't know any spells.
Your spell library was empty.

Inventory:

Hand Weapons
 Y - a +0 shortbow (weapon)
Armour
 c - a +0 leather armour (worn)
Scrolls
 b - a scroll of enchant armour {unknown}
 e - a scroll of immolation {unknown}
 g - a scroll of amnesia {unknown}
 i - a scroll of poison {unknown}
Potions
 a - a potion of might {unknown}
 d - a potion of berserk rage {unknown}
 f - 2 potions of curing {unknown}
 h - a potion of ambrosia {unknown}

Dungeon Overview and Level Annotations

Branches:
Dungeon (2/15)

Altars:
Dithmenos


Message History

A hobgoblin comes into view.
The goblin hits you with a +0 club.
919 ||| INVOKING Spit Poison.
Aiming: Spit Poison (2% risk of failure)
Press: ? - help, Shift-Dir - straight line, f - goblin The splash of poison hits the goblin.
The goblin is poisoned.
You kill the goblin!
You shoot an arrow. The arrow closely misses the goblin.
The arrow barely misses the hobgoblin.
The goblin hits you with a +0 club.
A hobgoblin comes into view.
The goblin hits you but does no damage.
You shoot an arrow. The arrow closely misses the goblin.
The arrow hits the hobgoblin.
The hobgoblin is almost dead.
You have got your breath back.
You hear a shout!
The goblin no longer looks unusually strong.
The hobgoblin barely misses you.
A hobgoblin comes into view.
The goblin hits you but does no damage.
A goblin comes into view. It is wielding a +0 club.
922 ||| INVOKING Spit Poison.
Aiming: Spit Poison (2% risk of failure)
Press: ? - help, Shift-Dir - straight line, f - hobgoblin, p - goblin The splash of poison hits the hobgoblin!
The hobgoblin is poisoned.
You kill the hobgoblin!
The hobgoblin no longer looks unusually strong.
The hobgoblin barely misses you. The goblin hits you with a +0 club.
The hobgoblin hits you but does no damage.
You shoot an arrow. The arrow closely misses the hobgoblin.
The goblin no longer looks unusually strong.
The hobgoblin no longer looks unusually strong.
The hobgoblin hits you. x2; The hobgoblin closely misses you.
You shoot an arrow. The arrow closely misses the goblin.
You have got your breath back.
The hobgoblin barely misses you. x2; The goblin hits you with a +0 club.
The hobgoblin hits you.
You die...

........).#.......####
#.##.#
.######.###...)[..#.(#
#.##.# #.# #.......##.#
#....[ #>###.%.....##.#
#.####
###.#.........#..#####.#
####.....#######.#........#
)....................#####.#
#####.#.###...)......#
#.#### #.#.# #..g@g...).#
#..... #.#.# #..ggg.....#
###### #
.......g.......##########
#.....)..................
#####)###)..............#
.......#############.#
#.....### #.. ..#.#. ###


You could see 4 hobgoblins and 2 goblins.

Vanquished Creatures
  Robin (D:2)
  An adder (D:2)
  A dart slug (D:1)
  2 giant cockroaches (D:1)
  5 hobgoblins
  2 quokkas (D:2)
  4 ball pythons
  A bat (D:1)
  2 frilled lizards
  8 goblins (D:2)
  3 kobolds
30 creatures vanquished.

Notes
Turn   | Place    | Note
-------+----------+-------------------------------------------
     0 | D:1      | qw the Naga Hunter began the quest for the Orb.
     0 | D:1      | Reached XP level 1. HP: 19/19 MP: 1/1
     0 | D:1      | 0 ||| qw: Version: 0.2-a-29-gc1b59c4
     0 | D:1      | 0 ||| qw: Game counter: 4379
     0 | D:1      | 0 ||| qw: Always use a shield: true
     0 | D:1      | 0 ||| qw: God list: Okawaru
     0 | D:1      | 0 ||| qw: Allow faded altars: false
     0 | D:1      | 0 ||| qw: Do Orc after D:15 true
     0 | D:1      | 0 ||| qw: Do second Lair branch before Depths: true
     0 | D:1      | 0 ||| qw: Lair rune preference: random
     0 | D:1      | 0 ||| qw: Plans: Normal
     0 | D:1      | 0 ||| PLANNING D:1-11
    54 | D:1      | 54 ||| INVOKING Spit Poison.
   101 | D:1      | 101 ||| INVOKING Spit Poison.
   113 | D:1      | 113 ||| INVOKING Spit Poison.
   116 | D:1      | 116 ||| FLEEEEING.
   118 | D:1      | 118 ||| INVOKING Spit Poison.
   119 | D:1      | 119 ||| INVOKING Spit Poison.
   124 | D:1      | 124 ||| INVOKING Spit Poison.
   125 | D:1      | Reached skill level 4 in Ranged Weapons
   125 | D:1      | Reached XP level 2. HP: 8/26 MP: 2/2
   225 | D:1      | 225 ||| INVOKING Spit Poison.
   325 | D:1      | 325 ||| INVOKING Spit Poison.
   326 | D:1      | 326 ||| INVOKING Spit Poison.
   334 | D:1      | 334 ||| INVOKING Spit Poison.
   338 | D:1      | 338 ||| INVOKING Spit Poison.
   466 | D:1      | 466 ||| READING scroll labelled LOPRYA ZOIXUGI.
   467 | D:1      | 467 ||| READING scroll labelled QUKHIR GIAVIYNN.
   568 | D:1      | 568 ||| DROPPING scroll of butterflies.
   628 | D:2      | 628 ||| INVOKING Spit Poison.
   631 | D:2      | 631 ||| INVOKING Spit Poison.
   664 | D:2      | Found a shadowy altar of Dithmenos.
   763 | D:2      | 763 ||| INVOKING Spit Poison.
   792 | D:2      | 792 ||| INVOKING Spit Poison.
   796 | D:2      | 796 ||| INVOKING Spit Poison.
   811 | D:2      | 811 ||| INVOKING Spit Poison.
   859 | D:2      | 859 ||| INVOKING Spit Poison.
   873 | D:2      | 873 ||| INVOKING Spit Poison.
   874 | D:2      | Reached XP level 3. HP: 32/32 MP: 3/3
   876 | D:2      | 876 ||| INVOKING Spit Poison.
   887 | D:2      | 887 ||| INVOKING Spit Poison.
   906 | D:2      | 906 ||| INVOKING Spit Poison.
   909 | D:2      | Noticed Robin
   912 | D:2      | 912 ||| INVOKING Spit Poison.
   916 | D:2      | 916 ||| INVOKING Spit Poison.
   918 | D:2      | Killed Robin
   919 | D:2      | 919 ||| INVOKING Spit Poison.
   922 | D:2      | 922 ||| INVOKING Spit Poison.
   923 | D:2      | HP: 8/32 [hobgoblin[Robin] (3)]
   924 | D:2      | HP: 3/32 [goblin/+0 club[Robin] (3)]
   924 | D:2      | Slain by a hobgoblin

Levels and vault maps discovered:
D:1:      dpeg_arrival_chambers_temple_mockup, layout_basic
D:2:      layout_loops_ring, basic_altar, serial_park_tiny_2,
          minmay_misc_feat_secret_circle, minmay_crystal_room, uniq_robin

Skill      XL: |  1 |
---------------+----+-----
Ranged Weapons | 4 |  4.9
Fighting       | |  2.0
Dodging        | |  1.5
Stealth        | |  1.5

Action                     || total
---------------------------++-------
   Fire: Shortbow          ||    42
Ability: Spit Poison       ||    24
    Use: Scroll            ||     2
 Armour: Leather armour    ||     6
  Dodge: Dodged            ||    13

Table legend:
 A = Non-vault XP
 B = Vault XP
 C = Vault XP percentage of total XP
 D = Non-vault monster count
 E = Vault monster count
 F = Vault count percentage of total count
                 A         B        C        D         E       F
            +---------+---------+-------+---------+---------+-------
      Total |      51 |      26 |  33.8 |      23 |       7 |  23.3
            +---------+---------+-------+---------+---------+-------
        D:1 |      16 |       0 |   0.0 |       9 |       0 |   0.0
        D:2 |      35 |      26 |  42.6 |      14 |       7 |  33.3
            +---------+---------+-------+---------+---------+-------
